 Dungeon Crawl Stone Soup version 0.25-a0-35-g747a2b3c0c (webtiles) character file.

Game seed: 6485335324778077710, levelgen mode: deterministic

93 Chiseanne the Magician (level 4, 0/30 HPs)
             Began as a Demonspawn Wizard on Oct 18, 2019.
             Killed from afar by an orc wizard (11 damage)
             ... with a puff of flame
             ... on level 2 of the Dungeon.
             The game lasted 00:03:23 (2146 turns).

Chiseanne the Magician (Demonspawn Wizard)          Turns: 2146, Time: 00:03:23

Health: 0/30       AC:  5    Str:  7    XL:     4   Next: 36%
Magic:  0/10       EV: 12    Int: 20    God:
Gold:   61         SH:  0    Dex: 12    Spells: 10/11 levels left

rFire    . . .     SeeInvis .   a - +0 dagger (venom)
rCold    . . .     Gourm    .   (no shield)
rNeg     . . .     Faith    .   u - +0 robe
rPois    .         Spirit   .   b - +1 hat
rElec    .         Reflect  .   (no cloak)
rCorr    .         Harm     .   (no gloves)
MR       .....                  (no boots)
Stlth    ++........             (no amulet)
HPRegen  0.10/turn              (no ring)
MPRegen  0.12/turn              (no ring)

@: no status effects
A: talons 1, icy blue scales 1
a: no special abilities


You were on level 2 of the Dungeon.
You were not hungry.

You visited 1 branch of the dungeon, and saw 2 of its levels.

You collected 61 gold pieces.

Inventory:

Hand Weapons
 a - a +0 dagger of venom (weapon)
 g - a +0 club
 s - a +0 hand axe
Missiles
 k - 50 stones (quivered)
 p - 18 arrows
 t - 8 curare-tipped darts
Armour
 b - a +1 hat (worn)
 u - a +0 robe (worn)
Magical Staves
 f - an uncursed staff of summoning {unknown}
Jewellery
 e - an uncursed ring of ice {unknown}
 h - an uncursed amulet of guardian spirit {unknown}
 j - a +3 ring of intelligence {unknown}
 n - an uncursed amulet of rage {unknown}
Scrolls
 c - a scroll of teleportation
Potions
 i - a potion of magic {unknown}
 l - a potion of degeneration {unknown}
 q - a potion of haste {unknown}
 r - a potion of resistance {unknown}
 v - a potion of curing {unknown}
Comestibles
 d - 7 rations
 m - 4 chunks of flesh


   Skills:
 - Level 1.7 Dodging
 - Level 1.7 Stealth
 * Level 4.1 Spellcasting
 * Level 3.0 Conjurations
   Level 1.0 Summonings
   Level 0.8 Translocations


You had 10 spell levels left.
You knew the following spells:

 Your Spells              Type           Power        Failure   Level  Hunger
a - Magic Dart            Conj           ###.         3%          1    None

Your spell library contained the following spells:

 Spells                   Type           Power        Failure   Level  Hunger
 Call Imp                 Summ           #.......     13%         2    #......
 Blink                    Tloc           N/A          14%         2    #......
 Slow                     Hex            #.......     19%         2    #......
 Conjure Flame            Conj/Fire      ##......     21%         3    ###....
 Mephitic Cloud           Conj/Pois/Air  #.......     26%         3    ###....


Dungeon Overview and Level Annotations

Branches:
Dungeon (2/15)

Altars:
Ashenzari


Innate Abilities, Weirdness & Mutations

You have sharp toenails.
You are partially covered in icy blue scales. (AC +2)


Message History

The orc wizard is severely wounded.
The orc wizard barely misses you.
The orc wizard looks encouraged for a moment.
Casting: Magic Dart (safe; 3% risk of failure)
Confirm with . or Enter, or press ? or * to list all spells.
You don't have enough magic to cast that spell.
Casting: Magic Dart (safe; 3% risk of failure)
Confirm with . or Enter, or press ? or * to list all spells.
You don't have enough magic to cast that spell.
Your +0 dagger of venom begins to drip with poison!
a - a +0 dagger of venom (weapon)
You hit the orc wizard but do no damage.
The orc wizard is severely wounded.
The orc wizard barely misses you.
The orc wizard hits you but does no damage.
You hit the orc wizard.
The orc wizard is severely wounded.
The orc wizard points at you and mumbles some strange words.
The puff of flame hits you!
You die...

#....†........#.##.#
#############......#
...#..##### #.#.>#
#### #....# ..#
####.# #.# #.#
#)#######.#
#÷..o@....#
#.######### ###


You could see an orc wizard.

Vanquished Creatures
  An orc priest (D:2)
  2 adders (D:2)
  2 dart slugs (D:2)
  3 leopard geckos
  An orc (D:2)
  A ball python (D:2)
  5 bats
  2 giant cockroaches (D:1)
  2 hobgoblins (D:1)
  3 jackals (D:2)
  5 kobolds
  A quokka (D:2)
  2 frilled lizards (D:2)
  4 goblins
  2 rats (D:2)
36 creatures vanquished.

Notes
Turn   | Place    | Note
-------+----------+-------------------------------------------
     0 | D:1      | Chiseanne the Demonspawn Wizard began the quest for the
                  | Orb.
     0 | D:1      | Reached XP level 1. HP: 13/13 MP: 4/4
   319 | D:1      | Gained mutation: You have sharp toenails. [demonic
                  | ancestry]
   319 | D:1      | Reached XP level 2. HP: 19/19 MP: 0/6
  1110 | D:2      | Reached XP level 3. HP: 11/24 MP: 1/8
  1373 | D:2      | Found a shattered altar of Ashenzari.
  2118 | D:2      | Reached skill level 4 in Spellcasting
  2118 | D:2      | Gained mutation: You are partially covered in icy blue
                  | scales. (AC +2) [demonic ancestry]
  2118 | D:2      | Reached XP level 4. HP: 26/30 MP: 1/10
  2146 | D:2      | Killed from afar by an orc wizard

Levels and vault maps discovered:
D:1:      noname_arrival_rooms_in_the_neighbourhood, layout_basic
D:2:      layout_basic, overflow_temple_1_default

Skill      XL: |  1  2  3 |
---------------+----------+-----
Conjurations   | 2 3 |  3.0
Spellcasting   | 4 |  4.1
Dodging        | |  1.7
Stealth        | |  1.7
Summonings     | |  1.0
Translocations | |  0.8

Action                   |  1- 3 |  4- 6 || total
-------------------------+-------+-------++-------
Melee: Hand axe          |    35 |     6 ||    41
       Kick              |     3 |       ||     3
       Dagger            |       |     2 ||     2
 Cast: Magic Dart        |    73 |     6 ||    79
  Use: Scroll            |     4 |       ||     4
       Potion            |     3 |       ||     3
 Stab: Sleeping          |     1 |       ||     1
  Eat: Chunk             |     4 |       ||     4
Armor: Robe              |    19 |     1 ||    20
Dodge: Dodged            |    51 |     6 ||    57

Table legend:
 A = Non-vault XP
 B = Vault XP
 C = Vault XP percentage of total XP
 D = Non-vault monster count
 E = Vault monster count
 F = Vault count percentage of total count
                 A         B        C        D         E       F
            +---------+---------+-------+---------+---------+-------
      Total |     133 |       0 |   0.0 |      36 |       0 |   0.0
            +---------+---------+-------+---------+---------+-------
        D:1 |      23 |       0 |   0.0 |      12 |       0 |   0.0
        D:2 |     110 |       0 |   0.0 |      24 |       0 |   0.0
            +---------+---------+-------+---------+---------+-------
